 Dungeon Crawl Stone Soup version 0.25.0-26-g0c896c7 (webtiles) character file.

Game seed: 15693289972241538241

119 Aeroq the Conjurer (level 4, -15/33 HPs)
             Began as a Draconian Conjurer on July 4, 2020.
             Killed by divine providence
             ... invoked by an orc priest
              (16 damage)
             ... on level 3 of the Dungeon.
             The game lasted 00:04:13 (3561 turns).

Aeroq the Conjurer (Draconian Conjurer)             Turns: 3561, Time: 00:04:14

Health: -15/33     AC:  7    Str: 11    XL:     4   Next: 74%
Magic:  2/8        EV: 12    Int: 22    God:
Gold:   164        SH:  5    Dex: 11    Spells: 5/8 levels left

rFire    . . .     SeeInvis .   d - +0 whip
rCold    . . .     Gourm    .   (no shield)
rNeg     . . .     Faith    .   (armour unavailable)
rPois    .         Spirit   .   (helmet restricted)
rElec    .         Reflect  +   (no cloak)
rCorr    .         Harm     .   (no gloves)
MR       .....                  m - +1 pair of boots
Stlth    ++........             k - amulet of reflection
HPRegen  0.11/turn              f - +6 ring of intelligence
MPRegen  0.11/turn              (no ring)

@: no status effects
A: unfitting armour, cold-blooded, AC +5
a: no special abilities


You were on level 3 of the Dungeon.
You were hungry.

You visited 1 branch of the dungeon, and saw 3 of its levels.

You collected 164 gold pieces.

Inventory:

Hand Weapons
 d - a +0 whip (weapon)
Missiles
 e - 2 javelins (quivered)
 j - 51 poisoned darts
Armour
 m - a +1 pair of boots (worn)
Jewellery
 f - a +6 ring of intelligence (left hand)
 k - an amulet of reflection (around neck)
Scrolls
 a - a scroll of remove curse {unknown}
 c - 5 scrolls of identify {unknown}
 g - 3 scrolls of blinking {unknown}
 i - 2 scrolls of teleportation {unknown}
 q - a scroll of random uselessness {unknown}
Potions
 h - 2 potions of haste {unknown}
 l - a potion of curing {unknown}
 n - a potion of berserk rage {unknown}
 o - a potion of lignification {unknown}
 p - a potion of degeneration {unknown}
Comestibles
 b - 2 rations


   Skills:
 + Level 2.6 Dodging
 - Level 1.7 Stealth
 * Level 2.8 Spellcasting
 * Level 5.2 Conjurations


You had 5 spell levels left.
You knew the following spells:

 Your Spells              Type           Power        Failure   Level  Hunger
a - Magic Dart            Conj           ####         1%          1    None
b - Searing Ray           Conj           ####..       2%          2    ##.....

Your spell library contained the following spells:

 Spells                   Type           Power        Failure   Level  Hunger
 Dazzling Flash           Conj/Hex       ##....       13%         3    ###....
 Fulminant Prism          Conj/Hex       ##........   38%         4    ####...
 Iskenderun's Mystic Bla  Conj/Tloc      ##......     38%         4    ####...


Dungeon Overview and Level Annotations

Branches:
Dungeon (3/15)

Altars:
Nemelex Xobeh
Trog


Innate Abilities, Weirdness & Mutations

Your plain brown scales are hard. (AC +5)
You cannot fit into any form of body armour.
You are cold-blooded and may be slowed by cold attacks.


Message History

You don't have enough magic to cast that spell.
Casting: Magic Dart (safe; 1% risk of failure)
Confirm with . or Enter, or press ? or * to list all spells.
You don't have enough magic to cast that spell.
You are feeling hungry.
You hit the orc priest but do no damage.
The orc priest is lightly wounded.
The orc priest hits you but does no damage.
You barely miss the orc priest.
The orc priest is lightly wounded.
The orc priest mumbles some strange prayers to Beogh against you.
Beogh smites you!
The orc priest begins to cast a cantrip, but forgets the words!
The orc priest mumbles some strange prayers to Beogh against you.
Beogh smites you!
* * * LOW HITPOINT WARNING * * *
You see here a cursed -3 war axe.
The orc priest invokes the aid of Beogh against you.
Beogh smites you!
You die...

... #.#########.# #.#
#.# ######.########
#.# #.#
#.....o.......# #.#
#.# #.####S##.#.#.#
#.# #.####.# #o##)#
#.###......# #.##o#
##............##.##.S
#)..#########.##)###†
)...# #.##@# .# #...#
#....# .# ##.##
#..### .. #.# #..#
#.# #.. #.# #.# ##.#
#. ...# # ####


You could see 2 orc priests and an adder.

Vanquished Creatures
  An orc wizard (D:3)
  3 adders
  2 dart slugs
  2 leopard geckos (D:1)
  5 orcs
  6 bats
  5 goblins
  8 hobgoblins
  2 jackals (D:2)
  6 kobolds
  A quokka (D:2)
  A ball python (D:2)
  4 frilled lizards
  4 rats
50 creatures vanquished.

Notes
Turn   | Place    | Note
-------+----------+-------------------------------------------
     0 | D:1      | Aeroq the Draconian Conjurer began the quest for the Orb.
     0 | D:1      | Reached XP level 1. HP: 14/14 MP: 3/3
   581 | D:1      | Reached XP level 2. HP: 20/20 MP: 3/5
  1467 | D:1      | Learned a level 2 spell: Searing Ray
  1715 | D:2      | Reached XP level 3. HP: 26/26 MP: 2/6
  2139 | D:2      | Found a bloodstained altar of Trog.
  2951 | D:2      | Found a bloodstained altar of Trog.
  2951 | D:2      | Found a sparkling altar of Nemelex Xobeh.
  2985 | D:2      | Reached XP level 4. HP: 33/33 MP: 7/7
  3206 | D:3      | Reached skill level 5 in Conjurations
  3560 | D:3      | HP: 1/33 [orc priest/divine providence (16)]
  3561 | D:3      | Killed from afar by an orc priest

Illustrated notes

Levels and vault maps discovered:
D:1:      mrwooster_arrival_statue_2, layout_basic, minmay_bisected
D:2:      layout_loops_corners, amethyst_overflow_temple_binary,
          minmay_fountain_box, kennysheep_small_spiral,
          hangedman_decor_slide_cut, trog_three_pillars_becter
D:3:      layout_loops_ring, kennysheep_vampire_church, first_ration

Skill      XL: |  1  2  3  4 |
---------------+-------------+-----
Dodging        | 2 |  2.6
Conjurations   | 5 |  5.2
Stealth        | |  1.7
Spellcasting   | |  2.8

Action                   |  1- 3 |  4- 6 || total
-------------------------+-------+-------++-------
Melee: Unarmed           |    19 |       ||    19
       Tailslap          |     4 |       ||     4
       Whip              |    27 |    14 ||    41
 Cast: Magic Dart        |    61 |    17 ||    78
       Searing Ray       |       |     1 ||     1
  Eat: Chunk             |     7 |     1 ||     8
Armor: Skin              |    23 |     3 ||    26
Dodge: Dodged            |    55 |     9 ||    64
Block: Other             |     1 |     2 ||     3
